Workbook

Sheet PRESUPUESTO
B3: PRESUPUESTO OFICIAL
B4: REALIZAR LAS OBRAS PARA LA PROTECCIÓN DE LA IGLESIA INMACULADA CONCEPCIÓN DEL MUNICIPIO DE CONCEPCIÓN - ANTIOQUIA, UBICADA EN EL CENTRO HISTÓRICO DECLARADO BIEN DE INTERÉS CULTURAL DEL ÁMBITO NACIONAL.
B7: ITEM | C7: DESCRIPCIÓN | D7: UNIDAD | E7: CANTIDAD | F7: VR. UNITARIO (IVA INCLUIDO) | G7: VALOR UNITARIO $ | H7: TOTAL PARCIAL ($)
B8: 1 | C8: Campamento 9 M2 | D8: un | E8: 1 | G8: 3200000 | H8: =+ROUND((E8*G8),0) -> 3200000
B9: =+B8+1 -> 2 | C9: Cerramiento de protección tela polipropileno verde H= 2.00 MTS,incluye estructura en madera | D9: ml | E9: 100 | G9: 51600 | H9: =+ROUND((E9*G9),0) -> 5160000
B10: =+B9+1 -> 3 | C10: Plataformas de trabajo COMPLETA con andamio certificado de 4.4 X 12 H=30m. | D10: kg/dia | E10: 30000 | G10: 5033 | H10: =+ROUND((E10*G10),0) -> 150990000
B11: =+B10+1 -> 4 | C11: Desmonte de enchape en granito (incluye retiro de escombros) | D11: m2 | E11: 50 | G11: 81633 | H11: =+ROUND((E11*G11),0) -> 4081650
B12: =+B11+1 -> 5 | C12: Reparación y/o remplazo de molduras afectadas o faltantes | D12: ml | E12: 30 | G12: 593333 | H12: =+ROUND((E12*G12),0) -> 17799990
B13: =+B12+1 -> 6 | C13: Reparación arcos de medio punto en ladrillo | D13: un | E13: 3 | G13: 3403333 | H13: =+ROUND((E13*G13),0) -> 10209999
B14: =+B13+1 -> 7 | C14: Reparación y/o consolidación de fisuras y grietas en muros | D14: ml | E14: 30 | G14: 363630 | H14: =+ROUND((E14*G14),0) -> 10908900
B15: =+B14+1 -> 8 | C15: Pañete 1:3 a base de cal y arena y fibra vegetal. No incluye pintura | D15: m2 | E15: 750 | G15: 88767 | H15: =+ROUND((E15*G15),0) -> 66575250
B16: =+B15+1 -> 9 | C16: Pintura muro tres manos, con cal + mineral (blanco) | D16: m2 | E16: 750 | G16: 33433 | H16: =+ROUND((E16*G16),0) -> 25074750
B17: =+B16+1 -> 10 | C17: Mantenimiento de carpintería en metalica (incluye remplazo de piezas faltantes, masilla, lijada, una mano de anticorrosivo y dos manos de esmalte de acabado final) | D17: m2 | E17: 20 | G17: 616667 | H17: =+ROUND((E17*G17),0) -> 12333340
B18: =+B17+1 -> 11 | C18: Mantenimiento de carpintería en madera(incluye remplazo de piezas faltantes, masilla, lijada, una mano de inmunizante y dos manos de barniz de acabado final) | D18: m2 | E18: 50 | G18: 826000 | H18: =+ROUND((E18*G18),0) -> 41300000
B19: =+B18+1 -> 12 | C19: Suministro e instalacion de proteccion vanos campanarios (rejas en marco metalico (con 1 mano de antocorrosivo y 2 manos de acabado en esmalte) y malla para control de aves (color transparente, material nylon, calibre 0,8mm rombo 4,4cm, resistencia 180k*m2, durabilidad de 4 a 6 años. Caracteristicas: proteccion uv y antihongos, no absorbe humedad, no conduce electricidad, no es escalable, no deshilacha, nudo reforzado) | D19: m2 | E19: 30 | G19: 690000 | H19: =+ROUND((E19*G19),0) -> 20700000
B20: =+B19+1 -> 13 | C20: lavado y protección con sello hidrofugo de cúpulas con acabado en granito | D20: m2 | E20: 50 | G20: 174333 | H20: =+ROUND((E20*G20),0) -> 8716650
B21: =+B20+1 -> 14 | C21: Aseo general para entrega | D21: m2 | E21: 300 | G21: 11700 | H21: =+ROUND((E21*G21),0) -> 3510000
B22: TOTAL COSTO DIRECTO | H22: =SUM(H8:H21) -> 380560529
B23: ADMINISTRACIÓN | G23: 0.2833 | H23: =+ROUND(H22*G23,0) -> 107812798
B24: IMPREVISTOS | G24: 0.03 | H24: =+ROUND(H22*G24,0) -> 11416816
B25: UTILIDAD | G25: 0.05 | H25: =+ROUND(H22*G25,0) -> 19028026
B26: IVA SOBRE UTILIDAD | G26: 0.19 | H26: =+ROUND(H25*G26,0) -> 3615325
B27: TOTAL COSTO INDIRECTO | H27: =SUM(H23:H26) -> 141872965
B28: TOTAL | H28: =+H22+H27 -> 522433494

Sheet AIU
A4: No. | B4: Descripción | C4: CANTIDAD | D4: VALOR | E4: DEDICACION | F4: PLAZO | G4: VALOR TOTAL | H4: %
A5: 1 | B5: PERSONAL | G5: =SUM(G6:G8) -> 34200000 | H5: =+G5/$G$30 -> 0.089867439
A6: 1.1 | B6: Director de OBRA | C6: 1 | D6: 7200000 | E6: 0.5 | F6: 3 | G6: =+D6*E6*F6*C6 -> 10800000 | H6: =+G6/$G$30 -> 0.028379191
A7: 1.2 | B7: Residente de OBRA | C7: 1 | D7: 6400000 | E7: 1 | F7: 3 | G7: =+D7*E7*F7*C7 -> 19200000 | H7: =+G7/$G$30 -> 0.050451895
A8: 1.3 | B8: Profesional Seguridad Industrial y Salud Ocupacional / Social | C8: 1 | D8: 2800000 | E8: 0.5 | F8: 3 | G8: =+D8*E8*F8*C8 -> 4200000 | H8: =+G8/$G$30 -> 0.011036352
A9: 3 | B9: INSTALACIONES PROVISIONALES | G9: =SUM(G10:G12) -> 3692463.3 | H9: =+G9/$G$30 -> 0.0097026965
A10: 3.5 | B10: Elementos de señalizacion y proteccion de zonas de trabajo | C10: 1 | D10: 2392463.3 | G10: =+C10*D10 -> 2392463.3 | H10: =+G10/$G$30 -> 0.0062866827
A11: 3.8 | B11: Servicios pùblicos (agua y luz) | D11: 400000 | F11: 3 | G11: =+D11*F11 -> 1200000 | H11: =+G11/$G$30 -> 0.0031532435
A12: 3.9 | B12: Valla | C12: 1 | D12: 100000 | G12: =+C12*D12 -> 100000 | H12: =+G12/$G$30 -> 0.00026277029
A13: 4 | B13: PAPELERIA Y EQUIPOS OFICINA CAMPO | G13: =SUM(G14:G15) -> 1800000 | H13: =+G13/$G$30 -> 0.0047298652
A14: 4.2 | B14: Papelería, fotocopias, informes, mensajeria | D14: 400000 | F14: 3 | G14: =+D14*F14 -> 1200000 | H14: =+G14/$G$30 -> 0.0031532435
A15: 4.4 | B15: Fax e internet y comunicaciones | D15: 200000 | F15: 3 | G15: =+D15*F15 -> 600000 | H15: =+G15/$G$30 -> 0.0015766217
A16: 7 | B16: GARANTIAS | G16: =SUM(G17) -> 7611210.6 | H16: =+G16/$G$30 -> 0.02
A17: 7.1 | B17: Polizas | E17: 0.02 | G17: =+G30*E17 -> 7611210.6 | H17: =+G17/$G$30 -> 0.02
A18: 8 | B18: IMPUESTOS | G18: =SUM(G19:G23) -> 30064282 | H18: =+G18/$G$30 -> 0.079
A19: 8.1 | B19: Impuesto 4/1000 | E19: 0.004 | G19: =+G30*E19 -> 1522242.1 | H19: =+G19/$G$30 -> 0.004
A20: 8.3 | B20: Reteica | E20: 0.01 | G20: =+G30*E20 -> 3805605.3 | H20: =+G20/$G$30 -> 0.01
A21: 8.4 | B21: Retefuente 1% | E21: 0.01 | G21: =+G30*E21 -> 3805605.3 | H21: =+G21/$G$30 -> 0.01
A22: 8.5 | B22: estampillas / pro universidades | E22: 0.005 | G22: =+G30*E22 -> 1902802.6 | H22: =+G22/$G$30 -> 0.005
A23: 8.6 | B23: Contribución de contratos de Obra Pública | E23: 0.05 | G23: =+G30*E23 -> 19028026 | H23: =+G23/$G$30 -> 0.05
B24: ADMINISTRACION | E24: =+G24/G30 -> 0.2033 | G24: =+G18+G16+G13+G9+G5 -> 77367956 | H24: =+G24/$G$30 -> 0.2033
B25: IMPREVISTOS | E25: 0.03 | G25: =+G30*E25 -> 11416816 | H25: =+G25/$G$30 -> 0.03
B26: UTILIDAD | E26: 0.05 | G26: =+G30*E26 -> 19028026 | H26: =+G26/$G$30 -> 0.05
B29: COSTO AIU | G29: =SUM(G24:G26) -> 1.078128e+08 | H29: =+G29/G30 -> 0.2833
B30: COSTO DIRECTO DE OBRA | G30: =+PRESUPUESTO!H22 -> 380560529 | H30: =+G30/G30 -> 1

Sheet APUS
A3: ITEM | B3: COMPONENTES | C3: CANTIDAD | D3: UNIDAD | E3: DESP | F3: VR UNIT | G3: VR TOTAL
A4: =+PRESUPUESTO!B8 -> 1 | B4: =+PRESUPUESTO!C8 -> Campamento 9 M2 | G4: =+PRESUPUESTO!D8 -> un
B5: ﻿BISAGRA COBRIZADA 3" | C5: 4.5 | D5: UN | E5: 0 | F5: 4500 | G5: =(C5+E5)*F5 -> 20250
B6: CONCRETO 2000 PSI (140N) | C6: 1.2 | D6: M3 | E6: 0.1 | F6: 438789 | G6: =(C6+E6)*F6 -> 570425.7
B7: GANCHO PLACA Ond.150mm ETERNIT | C7: 11 | D7: UN | E7: 0.1 | F7: 606.5436 | G7: =(C7+E7)*F7 -> 6732.6339
B8: PORTACANDADO NEGRO No. 4 | C8: 1.5 | D8: UN | E8: 0 | F8: 1839.6757 | G8: =(C8+E8)*F8 -> 2759.5135
B9: PUNTILLA 2" CON CABEZA | C9: 3.6 | D9: LB | E9: 0.05 | F9: 3900 | G9: =(C9+E9)*F9 -> 14235
B10: TABLA CHAPA .30x.025x3 ORDINAR | C10: 65 | D10: ML | E10: 0 | F10: 15267 | G10: =(C10+E10)*F10 -> 992355
B11: TEJA ETERNIT No 8 | C11: 12 | D11: UN | E11: 0.05 | F11: 30500 | G11: =(C11+E11)*F11 -> 367525
B12: VARA DE CLAVO 6 METROS. | C12: 17.5 | D12: ML | E12: 0.02 | F12: 35632 | G12: =(C12+E12)*F12 -> 624272.64
B13: MdeO CUADRILLA (OFICIAL + 8 AYUDANTES) | C13: 0.60962198 | D13: JR | E13: 0 | F13: 986586 | G13: =(C13+E13)*F13 -> 601444.51
G14: =SUM(G5:G13) -> 3200000
A17: =+PRESUPUESTO!B9 -> 2 | B17: =+PRESUPUESTO!C9 -> Cerramiento de protección tela polipropileno verde H= 2.00 MTS,incluye estructura en madera | G17: =+PRESUPUESTO!D9 -> ml
B18: HERRAMIENTA MENOR | C18: 10 | D18: %M | E18: 0 | F18: 1306.85 | G18: =(C18+E18)*F18 -> 13068.5
B19: MADERA ROLLIZA D=0,15M | C19: 1.6 | D19: UN | E19: 0.04 | F19: 13233.62 | G19: =(C19+E19)*F19 -> 21703.137
B20: VARA DE CLAVO | C20: 0.3 | D20: ML | E20: 0.02 | F20: 2397.33 | G20: =(C20+E20)*F20 -> 767.1456
B21: TELA CERRAMIENTO OBRA VERDE | C21: 1 | D21: ML | E21: 0.04 | F21: 1856 | G21: =(C21+E21)*F21 -> 1930.24
B22: PUNTILLA CON Y SIN CABEZA | C22: 0.03 | D22: LB | E22: 0 | F22: 2325.87 | G22: =(C22+E22)*F22 -> 69.7761
B23: MdeO AYUDANTE +PREST. | C23: 0.13449517 | D23: JR | E23: 0 | F23: 104548 | G23: =(C23+E23)*F23 -> 14061.201
G24: =SUM(G18:G23) -> 51600
A27: =+PRESUPUESTO!B10 -> 3 | B27: =+PRESUPUESTO!C10 -> Plataformas de trabajo COMPLETA con andamio certificado de 4.4 X 12 H=30m. | G27: =+PRESUPUESTO!D10 -> kg/dia
B28: ﻿HERRAMIENTA MENOR % | C28: 1 | D28: %M | E28: 0 | F28: 575.014 | G28: =(C28+E28)*F28 -> 575.014
B29: Plataformas de trabajo COMPLETA con andamio certificado de 4.4 X 12 H=30m. | C29: 1 | D29: kg | E29: 0 | F29: 3412.506 | G29: =(C29+E29)*F29 -> 3412.506
B30: MdeO AYUDANTE +PREST. | C30: 0.01 | D30: JR | E30: 0 | F30: 104548 | G30: =(C30+E30)*F30 -> 1045.48
G31: =SUM(G28:G30) -> 5033
A34: =+PRESUPUESTO!B11 -> 4 | B34: =+PRESUPUESTO!C11 -> Desmonte de enchape en granito (incluye retiro de escombros) | G34: M2
B35: ﻿HERRAMIENTA MENOR % | C35: 5.5 | D35: %M | E35: 0 | F35: 575.014 | G35: =(C35+E35)*F35 -> 3162.577
B36: VOLQUETA (VIAJE 6M3 Max.3O KM) | C36: 0.15 | D36: VJ | E36: 0 | F36: 450000 | G36: =(C36+E36)*F36 -> 67500
B37: MdeO AYUDANTE +PREST. | C37: 0.10493193 | D37: JR | E37: 0 | F37: 104548 | G37: =(C37+E37)*F37 -> 10970.423
G38: =SUM(G35:G37) -> 81633
A41: =+PRESUPUESTO!B12 -> 5 | B41: =+PRESUPUESTO!C12 -> Reparación y/o remplazo de molduras afectadas o faltantes | G41: =+PRESUPUESTO!D12 -> ml
B42: CAL HIDRATADA | C42: 5.76 | D42: KG | E42: 0 | F42: 12648 | G42: =(C42+E42)*F42 -> 72852.48
B43: ARENA DE PEÑA | C43: 0.6 | D43: M3 | E43: 0 | F43: 96690 | G43: =(C43+E43)*F43 -> 58014
B44: MOLDURAS FABRICADAS EN SITO | C44: 1 | D44: UN | E44: 0 | F44: 150000 | G44: =(C44+E44)*F44 -> 150000
B45: SIKA 1 | C45: 1 | D45: KG | E45: 0.05 | F45: 13900 | G45: =(C45+E45)*F45 -> 14595
B46: HERRAMIENTA MENOR | C46: 30 | D46: %M | E46: 0 | F46: 1437.192 | G46: =(C46+E46)*F46 -> 43115.76
B47: MdeO CUADRILLA (OFICIAL + 1 AYUDANTES) | C47: 1.0000226 | D47: JR | E47: 0 | F47: 254750 | G47: =(C47+E47)*F47 -> 254755.76
G48: =SUM(G42:G47) -> 593333
A51: =+PRESUPUESTO!B13 -> 6 | B51: =+PRESUPUESTO!C13 -> Reparación arcos de medio punto en ladrillo | G51: =+PRESUPUESTO!D13 -> un
B52: CAL HIDRATADA | C52: 15.36 | D52: KG | E52: 0 | F52: 12648 | G52: =(C52+E52)*F52 -> 194273.28
B53: ARENA DE PEÑA | C53: 1.2 | D53: M3 | E53: 0 | F53: 96690 | G53: =(C53+E53)*F53 -> 116028
B54: LADRILLO | C54: 17 | D54: UN | E54: 0 | F54: 12000 | G54: =(C54+E54)*F54 -> 204000
B55: SIKA 1 | C55: 1 | D55: KG | E55: 0.05 | F55: 13900 | G55: =(C55+E55)*F55 -> 14595
B56: HERRAMIENTA MENOR | C56: 100 | D56: %M | E56: 0 | F56: 1437.192 | G56: =(C56+E56)*F56 -> 143719.2
B57: MdeO CUADRILLA (OFICIAL + 2 AYUDANTES) | C57: 7.6001467 | D57: JR | E57: 0 | F57: 359298 | G57: =(C57+E57)*F57 -> 2730717.5
G58: =SUM(G52:G57) -> 3403333
A61: =+PRESUPUESTO!B14 -> 7 | B61: =+PRESUPUESTO!C14 -> Reparación y/o consolidación de fisuras y grietas en muros | G61: =+PRESUPUESTO!D14 -> ml
B62: CAL HIDRATADA | C62: 4 | D62: KG | E62: 0 | F62: 12648 | G62: =(C62+E62)*F62 -> 50592
B63: ARENA DE PEÑA | C63: 0.3 | D63: M3 | E63: 0 | F63: 96690 | G63: =(C63+E63)*F63 -> 29007
B64: LADRILLO | C64: 4 | D64: UN | E64: 0 | F64: 12000 | G64: =(C64+E64)*F64 -> 48000
B65: SIKA 1 | C65: 0.3 | D65: KG | E65: 0.05 | F65: 13900 | G65: =(C65+E65)*F65 -> 4865
B66: HERRAMIENTA MENOR | C66: 10 | D66: %M | E66: 0 | F66: 1437.192 | G66: =(C66+E66)*F66 -> 14371.92
B67: MdeO CUADRILLA (OFICIAL + 2 AYUDANTES) | C67: 0.60338237 | D67: JR | E67: 0 | F67: 359298 | G67: =(C67+E67)*F67 -> 216794.08
G68: =SUM(G62:G67) -> 363630
A71: =+PRESUPUESTO!B15 -> 8 | B71: =+PRESUPUESTO!C15 -> Pañete 1:3 a base de cal y arena y fibra vegetal. No incluye pintura | G71: =+PRESUPUESTO!D11 -> m2
B72: CAL HIDRATADA | C72: 3.84 | D72: KG | E72: 0 | F72: 12648 | G72: =(C72+E72)*F72 -> 48568.32
B73: ARENA DE PEÑA | C73: 0.02 | D73: M3 | E73: 0 | F73: 96690 | G73: =(C73+E73)*F73 -> 1933.8
B74: SIKA 1 | C74: 0.01 | D74: KG | E74: 0.05 | F74: 13900 | G74: =(C74+E74)*F74 -> 834
B75: HERRAMIENTA MENOR | C75: 4 | D75: %M | E75: 0 | F75: 1437.192 | G75: =(C75+E75)*F75 -> 5748.768
B76: MdeO CUADRILLA (OFICIAL + 2 AYUDANTES) | C76: 0.088177813 | D76: JR | E76: 0 | F76: 359298 | G76: =(C76+E76)*F76 -> 31682.112
G77: =SUM(G72:G76) -> 88767
A80: =+PRESUPUESTO!B16 -> 9 | B80: =+PRESUPUESTO!C16 -> Pintura muro tres manos, con cal + mineral (blanco) | G80: =+PRESUPUESTO!D16 -> m2
B81: HERRAMIENTA MENOR | C81: 4 | D81: %M | E81: 0 | F81: 1019 | G81: =(C81+E81)*F81 -> 4076
B82: CAL HIDRATADA (TIPO NARE) | C82: 0.2 | D82: BT | E82: 0 | F82: 14508.886 | G82: =(C82+E82)*F82 -> 2901.7771
B83: P.V.A. | C83: 0.019 | D83: GL | E83: 0 | F83: 37552.41 | G83: =(C83+E83)*F83 -> 713.49578
B84: VINILO | C84: 0.1 | D84: GL | E84: 0 | F84: 44038.735 | G84: =(C84+E84)*F84 -> 4403.8735
B85: MdeO CUADRILLA (OFICIAL + 1 AYUDANTES) | C85: 0.083759975 | D85: JR | E85: 0 | F85: 254750 | G85: =(C85+E85)*F85 -> 21337.854
G86: =SUM(G81:G85) -> 33433
A89: =+PRESUPUESTO!B17 -> 10 | B89: =+PRESUPUESTO!C17 -> Mantenimiento de carpintería en metalica (incluye remplazo de piezas faltantes, masilla, lijada, una mano de anticorrosivo y dos manos de esmalte de acabado final) | G89: =+PRESUPUESTO!D17 -> m2
B90: HERRAMIENTA MENOR | C90: 10 | D90: %M | E90: 0 | F90: 1019 | G90: =(C90+E90)*F90 -> 10190
B91: Mantenimiento de carpintería en metalica (incluye remplazo de piezas faltantes, masilla, lijada, una mano de anticorrosivo y dos manos de esmalte de acabado final) | C91: 1 | D91: M2 | E91: 0 | F91: 480000 | G91: =(C91+E91)*F91 -> 480000
B92: MdeO CUADRILLA (OFICIAL + 1 AYUDANTES) | C92: 0.49647498 | D92: JR | E92: 0 | F92: 254750 | G92: =(C92+E92)*F92 -> 126477
G93: =SUM(G90:G92) -> 616667
A96: =+PRESUPUESTO!B18 -> 11 | B96: =+PRESUPUESTO!C18 -> Mantenimiento de carpintería en madera(incluye remplazo de piezas faltantes, masilla, lijada, una mano de inmunizante y dos manos de barniz de acabado final) | G96: =+PRESUPUESTO!D18 -> m2
B97: HERRAMIENTA MENOR | C97: 20 | D97: %M | E97: 0 | F97: 1019 | G97: =(C97+E97)*F97 -> 20380
B98: Mantenimiento de carpintería en madera(incluye remplazo de piezas faltantes, masilla, lijada, una mano de inmunizante y dos manos de barniz de acabado final) | C98: 1 | D98: M2 | E98: 0 | F98: 650000 | G98: =(C98+E98)*F98 -> 650000
B99: MdeO CUADRILLA (OFICIAL + 1 AYUDANTES) | C99: 0.61087341 | D99: JR | E99: 0 | F99: 254750 | G99: =(C99+E99)*F99 -> 155620
G100: =SUM(G97:G99) -> 826000
A103: =+PRESUPUESTO!B19 -> 12 | B103: =+PRESUPUESTO!C19 -> Suministro e instalacion de proteccion vanos campanarios (rejas en marco metalico (con 1 mano de antocorrosivo y 2 manos de acabado en esmalte) y malla para control de aves (color transparente, material nylon, calibre 0,8mm rombo 4,4cm, resistencia 180k*m2, durabilidad de 4 a 6 años. Caracteristicas: proteccion uv y antihongos, no absorbe humedad, no conduce electricidad, no es escalable, no deshilacha, nudo reforzado) | G103: =+PRESUPUESTO!D19 -> m2
B104: HERRAMIENTA MENOR | C104: 20 | D104: %M | E104: 0 | F104: 1019 | G104: =(C104+E104)*F104 -> 20380
B105: Suministro de proteccion vanos campanarios (rejas en marco metalico (con 1 mano de antocorrosivo y 2 manos de acabado en esmalte) y malla para control de aves (color transparente, material nylon, calibre 0,8mm rombo 4,4cm, resistencia 180k*m2, durabilidad de 4 a 6 años. Caracteristicas: proteccion uv y antihongos, no absorbe humedad, no conduce electricidad, no es escalable, no deshilacha, nudo reforzado) | C105: 1 | D105: M2 | E105: 0 | F105: 514000 | G105: =(C105+E105)*F105 -> 514000
B106: MdeO CUADRILLA (OFICIAL + 1 AYUDANTES) | C106: 0.61087341 | D106: JR | E106: 0 | F106: 254750 | G106: =(C106+E106)*F106 -> 155620
G107: =SUM(G104:G106) -> 690000
A110: =+PRESUPUESTO!B20 -> 13 | B110: =+PRESUPUESTO!C20 -> lavado y protección con sello hidrofugo de cúpulas con acabado en granito | G110: =+PRESUPUESTO!D20 -> m2
B111: HERRAMIENTA MENOR | C111: 10 | D111: %M | E111: 0 | F111: 1019 | G111: =(C111+E111)*F111 -> 10190
B112: LAVADO (INCLUYE EQUIPO Y MATERIALES DE LIMPIEZA) | C112: 1 | D112: M2 | E112: 0 | F112: 19918 | G112: =(C112+E112)*F112 -> 19918
B113: SELLO HIDROFUGO | C113: 1 | D113: M2 | E113: 0 | F113: 67800 | G113: =(C113+E113)*F113 -> 67800
B114: MdeO CUADRILLA (OFICIAL + 1 AYUDANTES) | C114: 0.3 | D114: JR | E114: 0 | F114: 254750 | G114: =(C114+E114)*F114 -> 76425
G115: =SUM(G111:G114) -> 174333
A118: =+PRESUPUESTO!B21 -> 14 | B118: =+PRESUPUESTO!C21 -> Aseo general para entrega | G118: =+PRESUPUESTO!D21 -> m2
B119: HERRAMIENTA MENOR | C119: 1 | D119: %M | E119: 0 | F119: 1019 | G119: =(C119+E119)*F119 -> 1019
B120: LAVADO (INCLUYE MATERIALES DE LIMPIEZA) | C120: 1 | D120: M2 | E120: 0 | F120: 3362.64 | G120: =(C120+E120)*F120 -> 3362.64
B121: MdeO AYUDANTE +PREST. | C121: 0.07 | D121: JR | E121: 0 | F121: 104548 | G121: =(C121+E121)*F121 -> 7318.36
G122: =SUM(G119:G121) -> 11700

Sheet PROGRAMACION
A4: ITEM | B4: DESCRIPCIÓN | C4: MES 1 | D4: MES 2 | E4: MES 3
A5: 1 | B5: Campamento 9 M2
A6: =+A5+1 -> 2 | B6: Cerramiento de protección tela polipropileno verde H= 2.00 MTS,incluye estructura en madera
A7: =+A6+1 -> 3 | B7: Plataformas de trabajo COMPLETA con andamio certificado de 4.4 X 12 H=30m.
A8: =+A7+1 -> 4 | B8: Desmonte de enchape en granito (incluye retiro de escombros)
A9: =+A8+1 -> 5 | B9: Reparación y/o remplazo de molduras afectadas o faltantes
A10: =+A9+1 -> 6 | B10: Reparación arcos de medio punto en ladrillo
A11: =+A10+1 -> 7 | B11: Reparación y/o consolidación de fisuras y grietas en muros
A12: =+A11+1 -> 8 | B12: Pañete 1:3 a base de cal y arena y fibra vegetal. No incluye pintura
A13: =+A12+1 -> 9 | B13: Pintura muro tres manos, con cal + mineral (blanco)
A14: =+A13+1 -> 10 | B14: Mantenimiento de carpintería en metalica (incluye remplazo de piezas faltantes, masilla, lijada, una mano de anticorrosivo y dos manos de esmalte de acabado final)
A15: =+A14+1 -> 11 | B15: Mantenimiento de carpintería en madera(incluye remplazo de piezas faltantes, masilla, lijada, una mano de inmunizante y dos manos de barniz de acabado final)
A16: =+A15+1 -> 12 | B16: Suministro e instalacion de proteccion vanos campanarios (rejas en marco metalico (con 1 mano de antocorrosivo y 2 manos de acabado en esmalte) y malla para control de aves (color transparente, material nylon, calibre 0,8mm rombo 4,4cm, resistencia 180k*m2, durabilidad de 4 a 6 años. Caracteristicas: proteccion uv y antihongos, no absorbe humedad, no conduce electricidad, no es escalable, no deshilacha, nudo reforzado)
A17: =+A16+1 -> 13 | B17: lavado y protección con sello hidrofugo de cúpulas con acabado en granito
A18: =+A17+1 -> 14 | B18: Aseo general para entrega

Sheet ANTICIPO
A2: DETALLE DEL PLAN DE INVERSIÓN DE ANTICIPO
A3: PRESUPUESTO: | B3: =+PRESUPUESTO!H28 -> 522433494
A4: ANTICIPO 20% | B4: =B3*0.2 -> 1.044867e+08
A5: ITEM No. | B5: DESCRIPCIÓN DEL ITEM | C5: VR. MES 1 | D5: %
A6: 1 | B6: COMPRA DE MATERIALES | C6: =ROUND(B4*D6,0) -> 36570345 | D6: 0.35
A7: 2 | B7: TRANSPORTE DE MATERIALES Y EQUIPOS | C7: =ROUND(B4*D7,0) -> 15673005 | D7: 0.15
A8: 3 | B8: ALQUILER MAQUINARIA Y EQUIPOS | C8: =ROUND(B4*D8,0) -> 20897340 | D8: 0.2
A9: 4 | B9: MANO DE OBRA CALIFICADA Y NO CALIOFICADA | C9: =ROUND(B4*D9,0) -> 31346010 | D9: 0.3
A10: TOTAL | C10: =SUM(C6:C9) -> 104486700 | D10: =SUM(D6:D9) -> 1

Sheet Hoja1
D1: ARQ | H1: AVI HI TECH SAS
D2: unitario | E2: mas iva | F2: total | H2: unitario | I2: mas iva | J2: total
A3: SISTEMA DE UPS (PROTECCIÓN Y ENERGÍA ININTERRUMPIDA) PARA PROYECTOR BARCO. | B3: UNIDAD | C3: 1 | D3: 20050000 | E3: =+D3*1.19 -> 23859500 | F3: =+E3*C3 -> 23859500 | H3: 19960000 | I3: =+H3*1.19 -> 23752400 | J3: =+I3*C3 -> 23752400 | L3: =+(E3+I3)/2 -> 23805950
A4: PACK DE BATERIAS MARCA APC MODELO SMART UPS RT 2200 | B4: UNIDAD | C4: 2 | D4: 1271470 | E4: =+D4*1.19 -> 1513049.3 | F4: =+E4*C4 -> 3026098.6 | H4: 1320000 | I4: =+H4*1.19 -> 1570800 | J4: =+I4*C4 -> 3141600
A5: ALTAVOZ ACTIVO (AUTO POTENCIADO) DE 10 PULGADAS. | B5: UNIDAD | C5: 4 | D5: 2000000 | E5: =+D5*1.19 -> 2380000 | F5: =+E5*C5 -> 9520000 | H5: 1950000 | I5: =+H5*1.19 -> 2320500 | J5: =+I5*C5 -> 9282000
A6: LAMPARA DE REPUESTO PARA PROYECTOR EPSON POWERLITE 1960 | B6: UNIDAD | C6: 1 | D6: 500000 | E6: =+D6*1.19 -> 595000 | F6: =+E6*C6 -> 595000 | H6: 530000 | I6: =+H6*1.19 -> 630700 | J6: =+I6*C6 -> 630700
F7: =SUM(F3:F6) -> 37000599 | J7: =SUM(J3:J6) -> 36806700
F10: promedio | H10: =(J7+F7)/2 -> 36903649
H12: 37175600
